Map: Coda LE (Void)

Players

FatPugsUnite

  • Race: Zerg Zerg

Bop - Winner!

  • Race: Protoss Protoss

VOD

Have the link to the VOD?

Description

Time

  • Played on: May 3, 2015, 12:48 a.m.
  • Length: 21:39
Show
View Real Time Build Order
Export as new Build Order

FatPugsUnite Zerg 

Build Orders: Hatch First 

Get SALT Encoding   

  12  0:00  Drone  
  13  0:09  Drone  
  14  0:17  Overlord  
  14  0:24  Drone, Extractor  
  15  0:46  Hatchery  
  15  0:50  Drone  
  15  0:59  Extractor  
  14  1:07  Spawning Pool  
  14  1:11  Drone  
  14  1:18  Drone  
  15  1:20  Drone  
  16  1:26  Drone  
  17  1:34  Drone  
  18  1:54  Queen  
  18  1:59  Metabolic Boost  
  20  2:01  Zergling x2  
  21  2:12  Zergling x8  
  25  2:21  Zergling x2  
  26  2:28  Zergling x2  
  27  2:35  Zergling x2  
  28  2:39  Overlord  
  28  2:57  Zergling x2  
  28  2:58  Zergling x6  
  32  3:04  Zergling x8  
  36  3:12  Zergling x2  
  35  3:20  Overlord  
  35  3:30  Zergling x2  
  35  3:31  Zergling x2  
  35  3:38  Drone x2, Overlord  
  35  3:40  Drone x3  
  38  3:42  Drone x2  
  37  3:54  Drone x2  
  33  4:03  Queen  
  33  4:05  Drone x2  
  33  4:08  Lair  
  37  4:10  Drone x4  
  41  4:17  Drone x2  
  43  4:24  Drone  
  44  4:33  Roach Warren  
  44  4:34  Drone  
  44  4:39  Drone  
  44  4:40  Drone x4  
  44  4:43  Drone  
  44  4:45  Extractor  
  49  4:46  Drone  
  50  5:00  Overlord x2  
  50  5:08  Queen  
  50  5:09  Evolution Chamber, Extractor  
  50  5:12  Glial Reconstitution  
  50  5:17  Drone  
  50  5:20  Roach x5  
  61  5:25  Roach  
  63  5:28  Roach  
  65  5:36  Overlord  
  65  5:37  Overlord  
  65  5:41  Zerg Missile Weapons Level 1  
  65  5:42  Hatchery  
  64  5:58  Ravager  
  64  6:01  Drone x3  
  64  6:03  Extractor  
  67  6:06  Overseer  
  67  6:09  Roach x3  
  67  6:10  Roach  
  75  6:23  Drone x8  
  83  6:26  Overlord x2  
  83  6:45  Ravager  
  83  6:46  Ravager x3  
  87  6:50  Overlord x2  
  87  6:53  Drone x7  
  87  6:54  Drone x4  
  93  7:04  Drone  
  93  7:05  Drone  
  93  7:08  Spore Crawler  
  94  7:09  Spore Crawler  
  94  7:10  Drone x2, Spore Crawler  
  94  7:18  Drone x3  
  97  7:25  Overlord x2  
  97  7:30  Extractor  
  97  7:32  Drone x2  
  98  7:42  Roach  
  98  7:43  Roach x10  
  119  7:51  Roach  
  121  7:53  Zerg Missile Weapons Level 2  
  121  7:57  Ravager x5  
  126  8:00  Roach  
  126  8:02  Overlord  
  128  8:16  Overlord  
  128  8:17  Overlord x3  
  128  8:26  Hatchery  
  127  8:28  Extractor  
  126  8:37  Spire  
  119  9:00  Roach  
  119  9:01  Roach x21  
  151  9:09  Roach x5  
  156  9:10  Roach x2  
  136  9:38  Roach x9  
  144  9:57  Corruptor  
  144  9:58  Corruptor x3  
  150  10:04  Corruptor  
  150  10:11  Queen  
  150  10:12  Drone x10  
  150  10:13  Drone x2  
  164  10:19  Drone  
  143  10:44  Extractor  
  143  10:48  Corruptor x7  
  143  10:49  Extractor  
  125  11:11  Corruptor x4  
  131  11:28  Corruptor x3  
  137  11:41  Roach x2  
  137  11:42  Roach x11  
  137  11:47  Roach x3  
  161  11:59  Zergling x2  
  161  12:00  Zergling x34  
  151  12:15  Roach x3  
  150  12:16  Roach x3  
  156  12:28  Roach x3  
  162  12:44  Roach x4  
  142  13:11  Roach x11  
  140  13:22  Roach x2  
  133  13:32  Infestation Pit  
  132  13:44  Hatchery  
  103  14:15  Roach x10  
  95  14:32  Roach x3  
  95  14:38  Roach  
  103  14:43  Drone x2  
  96  15:18  Roach x5  
  90  15:31  Roach x3  
  94  15:50  Drone  
  94  15:51  Drone x2  
  95  16:17  Drone x4  
  90  16:30  Drone x4  
  85  16:44  Drone  
  86  17:02  Drone  
  85  17:24  Drone  
  85  17:25  Drone x2  
  84  18:03  Roach x2  
  90  18:12  Roach  
  88  18:37  Hatchery  
  87  18:45  Drone x2  
  83  19:08  Drone x7  
  81  19:32  Infestor x2  
  82  19:56  Extractor  
  73  20:08  Infestor  
  59  20:27  Drone  
Show
View Real Time Build Order
Export as new Build Order

Bop Protoss - Winner!

Build Orders: Nexus First 

Get SALT Encoding   

  12  0:01  Probe  
  13  0:13  Probe  
  14  0:44  Nexus  
  14  0:51  Pylon  
  14  1:10  Gateway  
  14  1:16  Probe (Chrono Boost)  
  16  1:26  Probe (Chrono Boost), Assimilator  
  16  1:30  Assimilator  
  16  1:33  Probe (Chrono Boost)  
  17  1:42  Pylon  
  17  1:45  Probe (Chrono Boost)  
  19  1:54  Probe (Chrono Boost)  
  20  2:01  Probe (Chrono Boost)  
  20  2:02  Cybernetics Core  
  20  2:15  Gateway  
  20  2:20  Probe (Chrono Boost)  
  22  2:26  Probe (Chrono Boost)  
  23  2:31  Probe (Chrono Boost)  
  23  2:35  Probe (Chrono Boost)  
  23  2:38  Adept (Chrono Boost)  
  23  2:41  Probe  
  26  2:45  Probe  
  27  2:54  Mothership Core  
  27  2:57  Pylon  
  29  3:03  Adept (Chrono Boost)  
  31  3:14  Adept (Chrono Boost), Pylon  
  31  3:25  Forge  
  33  3:27  Adept (Chrono Boost)  
  33  3:37  Pylon  
  35  3:48  Adept (Chrono Boost)  
  35  3:49  Cybernetics Core  
  35  3:51  Pylon  
  35  3:57  Pylon  
  35  4:07  Photon Cannon  
  35  4:08  Probe x2 (Chrono Boost)  
  37  4:14  Protoss Shields Level 1  
  38  4:18  Probe x2 (Chrono Boost)  
  39  4:25  Probe (Chrono Boost)  
  39  4:28  Stargate  
  40  4:34  Probe (Chrono Boost)  
  40  4:37  Probe (Chrono Boost), Warp Gate (Chrono Boost)  
  42  4:45  Probe (Chrono Boost)  
  43  4:48  Pylon  
  43  4:52  Probe x2 (Chrono Boost), Stargate  
  45  5:04  Probe (Chrono Boost)  
  45  5:06  Assimilator  
  47  5:10  Probe (Chrono Boost), Assimilator  
  47  5:13  Probe (Chrono Boost)  
  48  5:16  Probe (Chrono Boost)  
  48  5:19  Oracle (Chrono Boost)  
  52  5:22  Probe  
  52  5:27  Pylon  
  52  5:28  Probe  
  54  5:34  Probe  
  55  5:40  Probe, Oracle (Chrono Boost)  
  59  5:46  Pylon  
  59  5:47  Probe  
  60  5:51  Phoenix (Chrono Boost)  
  60  5:52  Probe  
  63  5:59  Probe  
  63  6:04  Gateway x2, Probe  
  65  6:14  Pylon  
  65  6:15  Gateway  
  65  6:18  Pylon  
  65  6:35  Twilight Council  
  65  6:36  Gateway x2  
  65  6:38  Gateway  
  65  6:41  Protoss Ground Weapons Level 1 (Chrono Boost)  
  65  7:08  Robotics Facility  
  65  7:15  Probe x2  
  67  7:21  Adept x2  
  67  7:22  Adept  
  73  7:26  Nexus  
  73  7:29  Pylon  
  73  7:31  Pylon  
  73  7:32  Probe x2 (Chrono Boost)  
  73  7:34  Charge (Chrono Boost)  
  75  7:40  Pylon  
  75  7:42  Probe (Chrono Boost)  
  75  7:44  Robotics Facility  
  76  7:47  Probe (Chrono Boost)  
  76  7:49  Probe  
  78  7:53  Photon Cannon  
  78  7:55  Sentry  
  78  7:56  Sentry, Gateway  
  82  7:58  Probe  
  82  8:00  Sentry x2  
  82  8:01  Probe  
  82  8:03  Sentry  
  90  8:06  Gateway  
  90  8:10  Probe  
  91  8:14  Probe  
  91  8:17  Robotics Bay  
  92  8:32  Probe x2, Protoss Ground Weapons Level 2 (Chrono Boost)  
  94  8:40  Assimilator  
  94  8:43  Assimilator  
  94  8:44  Probe x2  
  94  8:46  Stalker x2  
  94  8:47  Stalker x2  
  104  8:56  Probe  
  104  8:59  Zealot x4  
  87  9:15  Zealot x3  
  87  9:16  Zealot x3  
  83  9:19  Probe x2  
  83  9:20  Probe  
  86  9:31  Probe  
  86  9:33  Pylon  
  86  9:34  Templar Archives  
  87  9:43  Zealot x3  
  87  9:45  Probe x2  
  101  9:46  Disruptor x2 (Chrono Boost)  
  93  9:53  Disruptor x2  
  93  9:54  Zealot x3  
  85  10:03  Adept x2  
  85  10:04  Adept x2  
  77  10:17  Disruptor x2  
  77  10:20  Zealot x4  
  76  10:33  Zealot x3  
  78  10:42  Sentry x3  
  80  10:43  Sentry x2  
  82  11:02  High Templar x3  
  80  11:09  Archon  
  80  11:16  Zealot x2  
  80  11:17  Zealot x3  
  90  11:33  Nexus  
  90  11:37  Pylon  
  91  11:43  Disruptor (Chrono Boost)  
  91  12:00  Zealot x3  
  91  12:01  Zealot x3  
  99  12:10  Pylon  
  99  12:26  Pylon  
  103  12:35  Disruptor, High Templar x2  
  107  12:40  Archon  
  107  12:57  Probe x3  
  110  13:01  High Templar x3  
  92  13:21  Disruptor x2  
  92  13:24  Archon x2  
  74  13:28  Zealot  
  74  13:29  Zealot x4  
  84  13:38  Disruptor (Chrono Boost), Zealot x3  
  90  13:48  Disruptor x3  
  90  13:50  Adept x3  
  86  14:04  Zealot x3  
  86  14:09  High Templar x2  
  80  14:13  Nexus, Archon  
  74  14:27  Zealot  
  74  14:28  Disruptor x3, Zealot x3  
  82  14:39  Pylon  
  82  14:41  High Templar x2  
  86  14:45  Archon  
  86  14:51  Zealot x4  
  72  15:25  Adept x4  
  72  15:26  Adept x2  
  74  15:28  Probe  
  74  15:29  Probe x3  
  70  15:46  High Templar x4  
  78  15:52  Archon x2  
  79  15:57  Probe x4  
  79  15:58  Assimilator  
  79  15:59  Pylon  
  79  16:00  Assimilator  
  82  16:08  Stalker x2  
  82  16:42  Zealot x6  
  82  16:47  Robotics Facility  
  82  17:08  Zealot x4  
  86  17:09  Zealot  
  92  17:22  Pylon x2  
  88  17:25  Templar Archives  
  88  17:27  Stalker x2  
  92  17:35  Sentry x4  
  100  17:47  Nexus  
  100  17:50  Sentry  
  102  18:40  Zealot  
  102  18:41  Zealot x6  
  114  18:58  High Templar x3  
  120  19:08  Archon  
  116  19:12  Zealot x5  
  116  19:31  Stalker x3  
  115  19:41  Stalker x3  
  121  19:54  Zealot  
  121  19:55  Zealot x3  
  114  20:19  Stalker  
Tags
 
Add a new tag
Caveats
  • Supply blocks, unpowered buildings, or Contaminate may cause inaccurate times.
  • Supply counts are checked every 10 seconds.